 Dungeon Crawl Stone Soup version bcrawl-1.18.1 (webtiles) character file.

Game seed: 8237159722651765487

212 Freyura the Cudgeler (level 5, -5/32 HPs)
             Began as a Gargoyle Gladiator on Nov 13, 2019.
             Was a Follower of Zin.
             Killed from afar by an orc wizard (6 damage)
             ... with a puff of frost
             ... on level 4 of the Dungeon.
             The game lasted 00:11:06 (2793 turns).

Freyura the Cudgeler (Gargoyle Gladiator)           Turns: 2793, Time: 00:11:07

Health: -5/32      AC: 13    Str: 17    XL:     5   Next: 90%
Magic:  5/5        EV:  8    Int: 14    God:    Zin [*.....]
Gold:   193        SH: 12    Dex: 17    Spells: 4/4 levels left

rFire    . . .     SeeInvis .   a - +0 flail
rCold    . . .     Gourm    .   n - +0 large shield
rNeg     + . .     Faith    .   j - +0 chain mail (curse)
rPois    ∞         Spirit   .   c - +0 helmet
rElec    +         Reflect  .   (no cloak)
rCorr    .         Harm     .   (no gloves)
MR       .....                  (no boots)
Stlth    ..........             (no amulet)
HPRegen  0.10/turn              (no ring)
MPRegen  0.09/turn              (no ring)

@: brilliant, agile, swift, flying, very quick
A: negative energy resistance 1, electricity resistance, unbreathing,
petrification resistance, rot immunity, AC +4
a: Recite, Donate Gold, Renounce Religion


You were on level 4 of the Dungeon.
You worshipped Zin.
Zin was aware of your devotion.
You were hungry.

You visited 1 branch of the dungeon, and saw 4 of its levels.

You collected 214 gold pieces.
You donated 21 gold pieces to Zin.

Inventory:

Hand Weapons
 a - a +0 flail (weapon)
Missiles
 d - 3 throwing nets (quivered) {!f}
Armour
 c - a +0 helmet (worn)
 j - a cursed +0 chain mail (worn)
 n - a +0 large shield (worn)
Wands
 e - a wand of flame (15)
Scrolls
 h - 2 scrolls of identify
Potions
 b - a potion of curing
 g - a potion of agility
Comestibles
 f - 2 rations {!d}


   Skills:
 + Level 3.3 Fighting
 * Level 4.4 Maces & Flails
 - Level 1.7 Throwing
 + Level 2.2 Armour
 + Level 3.1 Dodging
 + Level 1.4 Shields
 + Level 0.2 Invocations


You had 4 spell levels left.
You didn't know any spells.
Your spell library was empty.

Dungeon Overview and Level Annotations

Branches:
Dungeon (4/12)
 Temple: D:4-7

Altars:
Elyvilon
Fedhas
Kikubaaqudgha
Makhleb
Nemelex Xobeh
Okawaru
Trog
Xom
Yredelemnul
Zin


Innate Abilities, Weirdness & Mutations

You are resistant to torment.
Your stone body is resilient. (AC +4)
You are immune to poison.
You resist negative energy. (rN+)
You are resistant to electric shocks. (rElec)
You can survive without breathing.
You are immune to petrification.
You are immune to rotting.


Message History

Aiming: Throw Flame
Press: ? - help, Shift-Dir - straight line, f - orc wizard
Aim: an orc wizard, wielding a +0 dagger and wearing a +0 robe The puff of flame misses the orc wizard.
The puff of flame hits the orc.
The orc is moderately wounded.
The orc warrior barely misses you.
The orc wizard hits you but does no damage.
Okay, then.
Evoke which item? (* to show all) (? for menu, Esc to quit)
Aiming: Throw Flame
Press: ? - help, Shift-Dir - straight line, f/p - orc wizard
Aim: an orc wizard, wielding a +0 dagger and wearing a +0 robe The puff of flame hits the orc wizard.
The orc wizard is heavily wounded.
The orc warrior hits you with a +0 long sword.
* * * LOW HITPOINT WARNING * * *
The orc wizard gestures at you while chanting.
The puff of frost hits you!
You die...

......
#########......
#..............
#..............
#.........(....
#...<..oso.....
#.....ooJ..oJ.$
#######o#...(oo
#@#....o. #o#
(..o. #o. o..
...# .. ..## #
...# ...# ....#


You could see an orc warrior, a scorpion, 2 orc wizards, an ooze and 4 orcs.

Vanquished Creatures
  3 worker ants
  2 gnolls (D:2)
  2 adders (D:3)
  2 oozes
  An adder skeleton (D:2)
  A worm (D:2)
  3 dart slugs
  4 leopard geckos
  4 orcs
  A ball python (D:1)
  8 bats
  3 giant cockroaches
  6 goblins
  8 hobgoblins
  7 jackals
  11 kobolds
  A quokka (D:1)
  4 frilled lizards
  7 rats
78 creatures vanquished.

Notes
Turn   | Place    | Note
-------+----------+-------------------------------------------
     0 | D:1      | Freyura the Gargoyle Gladiator began the quest for the Orb.
     0 | D:1      | Reached XP level 1. HP: 12/12 MP: 1/1
   119 | D:1      | Reached XP level 2. HP: 18/18 MP: 2/2
   422 | D:1      | Reached skill level 1 in Armour
   422 | D:1      | Reached XP level 3. HP: 15/22 MP: 3/3
  1077 | D:2      | Found an ancient bone altar of Kikubaaqudgha.
  1166 | D:2      | Reached XP level 4. HP: 27/27 MP: 4/4
  1327 | D:2      | Found an iron altar of Okawaru.
  1824 | D:3      | Reached skill level 4 in Maces & Flails
  1931 | D:3      | Reached XP level 5. HP: 30/32 MP: 5/5
  1943 | D:3      | Found a basalt altar of Yredelemnul.
  1947 | D:3      | Found a bloodstained altar of Trog.
  1947 | D:3      | Found a blossoming altar of Fedhas.
  1958 | D:3      | Found a sparkling altar of Nemelex Xobeh.
  1962 | D:3      | Found a shimmering altar of Xom.
  2045 | D:3      | Found a white marble altar of Elyvilon.
  2247 | D:3      | Reached skill level 1 in Shields
  2501 | D:3      | Found a burning altar of Makhleb.
  2506 | D:3      | Found a glowing silver altar of Zin.
  2507 | D:3      | Noticed an angel
  2507 | D:3      | Noticed an Executioner
  2512 | D:3      | Became a worshipper of Zin the Law-Giver
  2512 | D:3      | Reached * piety under Zin
  2778 | D:4      | Noticed an orc warrior
  2793 | D:4      | HP: 1/32 [orc warrior/+0 long sword (5)]
  2793 | D:4      | Killed from afar by an orc wizard

Skill      XL: |  1  2  3  4  5 |
---------------+----------------+-----
Armour         | 1 2 |  2.2
Fighting       | 3 |  3.3
Maces & Flails | 4 |  4.4
Dodging        | 3 |  3.1
Shields        | 1 |  1.4
Throwing       | |  1.7
Invocations    | |  0.2

Action                   |  1- 3 |  4- 6 || total
-------------------------+-------+-------++-------
Melee: Flail             |   119 |   177 ||   296
Evoke: Wand              |       |     2 ||     2
  Use: Scroll            |     1 |     7 ||     8
       Potion            |       |     3 ||     3
  Eat: Chunk             |     1 |     5 ||     6
Armor: Leather armour    |    55 |       ||    55
       Chain mail        |     3 |   130 ||   133
Dodge: Dodged            |   104 |    65 ||   169
Block: Large shield      |       |    88 ||    88
